 Dungeon Crawl Stone Soup version 0.23-a0-650-ga4d50d4 (webtiles) character file.

41 Lanoc the Skirmisher (level 3, -2/29 HPs)
             Began as a Formicid Monk on Jan 6, 2019.
             Slain by an adder (5 damage)
             ... on level 2 of the Dungeon.
             The game lasted 00:02:13 (1507 turns).

Lanoc the Skirmisher (Formicid Monk)                Turns: 1507, Time: 00:02:15

Health: -2/29      AC:  1    Str: 16    XL:     3   Next: 75%
Magic:  3/3        EV: 13    Int:  9    God:
Gold:   51         SH:  0    Dex: 13    Spells: 2/2 levels left

rFire    . . .     SeeInvis +   a - +0 falchion
rCold    . . .     Gourm    .   (no shield)
rNeg     . . .     Faith    .   e - -2 leather armour (curse)
rPois    .         Spirit   .   (helmet unavailable)
rElec    .         Reflect  .   (no cloak)
rCorr    .         Harm     .   (no gloves)
MR       .....                  (no boots)
Stlth    ++........             (no amulet)
HPRegen  0.09/turn              (no ring)
MPRegen  0.08/turn              (no ring)

@: lethally poisoned (-2 -> -11)
A: permanent stasis, dig shafts and tunnels, four strong arms, antennae 3
a: Dig, Shaft Self


You were on level 2 of the Dungeon.
You were not hungry.

You visited 1 branch of the dungeon, and saw 2 of its levels.

You collected 51 gold pieces.

Inventory:

Hand Weapons
 a - a +0 falchion (weapon)
Armour
 e - a cursed -2 leather armour (worn)
Comestibles
 c - 2 rations


   Skills:
 + Level 3.6 Fighting
 * Level 3.6 Long Blades
 + Level 1.2 Armour
 + Level 3.0 Dodging
 - Level 2.4 Stealth


You had 2 spell levels left.
You didn't know any spells.
Your spell library was empty.

Dungeon Overview and Level Annotations

Branches:
Dungeon (2/15)

Altars:


Innate Abilities, Weirdness & Mutations

You cannot be hasted, slowed, berserked, paralysed or teleported.
You can dig through walls and to a lower floor.
Your four strong arms can wield two-handed weapons with a shield.
You have a pair of large antennae on your head. (SInv)


Message History

You are more poisoned.
The adder poisons you!
You barely miss the adder.
The adder is moderately wounded.
You feel sick. The adder bites you.
You are lethally poisoned!
The adder poisons you! The adder closely misses you.
You riposte.
You hit the adder.
The adder is severely wounded.
You miss the adder.
The adder is severely wounded.
* * * LOW HITPOINT WARNING * * *
You feel sick. The adder barely misses you.
You miss the adder.
The adder is severely wounded.
* * * LOW HITPOINT WARNING * * *
You feel sick. The adder bites you.
* * * LOW HITPOINT WARNING * * *
The adder bites you.
You die...

#....## #.#########
#.....# #.#
#...###.# .# #.##
##.###.##
..#.####֠.#...##
................##
##...............##
####.^..).........
##..@S.........
##............
##...#.....?.
######...... #.....
..... ..... ..


You could see an adder.

Vanquished Creatures
  A leopard gecko (D:2)
  A giant cockroach (D:1)
  8 goblins (D:1)
  A hobgoblin (D:1)
  8 jackals
  7 bats
  2 frilled lizards (D:1)
  A kobold (D:2)
  7 rats
36 creatures vanquished.

Notes
Turn   | Place    | Note
-------+----------+-------------------------------------------
     0 | D:1      | Lanoc the Formicid Monk began the quest for the Orb.
     0 | D:1      | Reached XP level 1. HP: 18/18 MP: 1/1
    61 | D:1      | Reached XP level 2. HP: 9/24 MP: 2/2
   526 | D:1      | Reached XP level 3. HP: 11/29 MP: 3/3
   528 | D:1      | Reached skill level 1 in Armour
  1507 | D:2      | Slain by an adder

Vault maps used:
D:1:      minmay_arrival_cross, kennysheep_minor_cross, nrook_mini_vaults
D:2:      grunt_gozag_statues, first_ration, uniq_jessica, uniq_natasha,
          uniq_sigmund

Skill      XL: |  1  2  3 |
---------------+----------+-----
Armour         | 1 |  1.2
Dodging        | 3 |  3.0
Fighting       | |  3.6
Long Blades    | |  3.6
Stealth        | |  2.4

Action                   || total
-------------------------++-------
Melee: Falchion          ||   115
  Use: Potion            ||     1
 Stab: Sleeping          ||     4
  Eat: Chunk             ||     2
Armor: Robe              ||    11
       Leather armour    ||     9
Dodge: Dodged            ||   109
       Rpst.: Falchion   ||    34

Table legend:
 A = Non-vault XP
 B = Vault XP
 C = Vault XP percentage of total XP
 D = Non-vault monster count
 E = Vault monster count
 F = Vault count percentage of total count
                 A         B        C        D         E       F
            +---------+---------+-------+---------+---------+-------
      Total |      59 |       0 |   0.0 |      36 |       0 |   0.0
            +---------+---------+-------+---------+---------+-------
        D:1 |      47 |       0 |   0.0 |      29 |       0 |   0.0
        D:2 |      12 |       0 |   0.0 |       7 |       0 |   0.0
            +---------+---------+-------+---------+---------+-------
